 Dungeon Crawl Stone Soup version 0.23.2-1-ga50397a (webtiles) character file.

Game seed: 12698222931855864317

3136 funkygono the Destroyer (level 9, 0/63 HPs)
             Began as a Green Draconian Conjurer on May 31, 2019.
             Was an Initiate of Vehumet.
             Slain by Prince Ribbit (17 damage)
             ... on level 7 of the Dungeon.
             The game lasted 00:27:00 (7853 turns).

funkygono the Destroyer (Green Draconian Conjurer)  Turns: 7853, Time: 00:27:01

Health: 0/63       AC:  9    Str: 10    XL:     9   Next: 61%
Magic:  17/20      EV: 10    Int: 19    God:    Vehumet [......]
Gold:   307        SH: 11    Dex: 12    Spells: 17/23 levels left

rFire    . . .     SeeInvis .   j - +2 whip (venom)
rCold    + + .     Gourm    .   C - +2 shield of Resistance {rF+ rC+ MR+}
rNeg     . . .     Faith    .   (armour unavailable)
rPois    +         Spirit   .   (helmet restricted)
rElec    .         Reflect  .   p - +0 cloak
rCorr    .         Harm     .   (no gloves)
MR       +....                  m - +0 pair of boots
Stlth    +++.......             i - amulet of magic regeneration
HPRegen  0.20/turn              s - ring of stealth
MPRegen  0.42/turn              o - ring of ice

@: no status effects
A: breathe noxious fumes, unfitting armour, poison resistance, cold-blooded, AC
+7
a: Breathe Noxious Fumes, Renounce Religion


You were on level 7 of the Dungeon.
You worshipped Vehumet.
Vehumet was noncommittal.
You were not hungry.

You visited 2 branches of the dungeon, and saw 9 of its levels.

You collected 391 gold pieces.
You spent 84 gold pieces at shops.

Inventory:

Hand Weapons
 j - a +2 whip of venom (weapon)
 A - the cursed +3 dagger of Blood {pierce, +Inv rN+ MR- Stlth+, unknown}
   (You found it on level 5 of the Dungeon)

   It inflicts extra damage upon your enemies.
   It protects you from negative energy.
   It affects your resistance to hostile enchantments.
   It lets you turn invisible.
   It makes you more stealthy.
   It has a curse placed upon it.
Missiles
 g - 127 stones (quivered)
Armour
 h - a +1 shield
 m - a +0 pair of boots (worn)
 p - a +0 cloak (worn)
 C - the +2 shield of Resistance (worn) {rF+ rC+ MR+}
   (You found it on level 6 of the Dungeon)

   It protects you from fire.
   It protects you from cold.
   It affects your resistance to hostile enchantments.
Magical Staves
 c - an uncursed staff of earth
Jewellery
 i - an amulet of magic regeneration (around neck)
 o - a ring of ice (right hand)
 s - a ring of stealth (left hand)
Wands
 k - a wand of acid (4)
 u - a wand of enslavement (8)
 w - a wand of digging (6)
Scrolls
 n - a scroll of fog
 q - 3 scrolls of magic mapping
 y - 3 scrolls of teleportation
 z - 2 scrolls of blinking
 B - a scroll of identify
 D - 2 scrolls of remove curse
 F - a scroll of enchant weapon
Potions
 a - a potion of might
 d - 2 potions of curing
 e - 2 potions of brilliance
 f - 3 potions of haste
 r - a potion of ambrosia
 t - a potion of magic {unknown}
 v - a potion of agility {unknown}
 x - a potion of invisibility {unknown}
 E - a potion of flight {unknown}
Comestibles
 b - 13 rations
 l - a chunk of flesh


   Skills:
 + Level 0.5 Fighting
 + Level 1.0 Maces & Flails
 + Level 2.4 Dodging
 + Level 2.6 Stealth
 * Level 4.8 Shields
 * Level 7.6 Spellcasting
 * Level 9.2 Conjurations
 * Level 3.4 Hexes


You had 17 spell levels left.
You knew the following spells:

 Your Spells              Type           Power        Failure   Level  Hunger
a - Magic Dart            Conj           ####         1%          1    None
b - Searing Ray           Conj           #####.       1%          2    None
c - Dazzling Spray        Conj/Hex       ####..       8%          3    #......

Your spell library contained the following spells:

 Spells                   Type           Power        Failure   Level  Hunger
 Iskenderun's Mystic Bla  Conj           #####...     8%          4    ###....
 Fulminant Prism          Conj/Hex       ####......   26%         4    ###....
 Beastly Appendage        Tmut           #.....       34%         1    None
 Force Lance              Conj/Tloc      ###.....     45%         4    ###....
 Sticks to Snakes         Tmut           #.......     47%         2    None
 Spider Form              Tmut/Pois      #.........   71%         3    #......
 Ice Form                 Ice/Tmut       ##......     98%         4    ###....
 Blade Hands              Tmut           #.........   100%        5    #####..


Dungeon Overview and Level Annotations

Branches:
Dungeon (8/15)             Temple (1/1) D:6
   Lair: D:8-11

Altars:
Ashenzari
Cheibriados
Dithmenos
Elyvilon
Fedhas
Gozag
Hepliaklqana
Kikubaaqudgha
Makhleb
Nemelex Xobeh
Okawaru
Qazlal
Ru
Sif Muna
Trog
Uskayaw
Vehumet
Wu Jian
Xom
Yredelemnul
Zin
The Shining One

Shops:
D:7 :   D:8 !

Annotations:
D:7 Harold, Prince Ribbit


Innate Abilities, Weirdness & Mutations

You can breathe blasts of noxious fumes.
Your lurid green scales are hard. (AC +7)
You cannot fit into any form of body armour.
Your system is resistant to poisons. (rPois)
You are cold-blooded and may be slowed by cold attacks.


Message History

Prince Ribbit lets out a mournful croak.
Prince Ribbit hits you.
Prince Ribbit blinks!
Your magical contamination has completely faded away.
You block the orc wizard's attack.
The orc wizard hits you but does no damage.
You block the orc wizard's attack. You block the orc wizard's attack.
The orc wizard is no longer moving quickly.
Prince Ribbit barely misses you.
The orc wizard points at you and mumbles some strange words.
The puff of frost hits you. You resist. Prince Ribbit closely misses you.
Harold points at you and mumbles some strange words.
The harpoon shot misses you. Prince Ribbit hits you!
* * * LOW HITPOINT WARNING * * *
You feel better.
The orc wizard begins to cast a cantrip, but forgets the words!
Prince Ribbit hits you!
You die...

##..(...)........#
#....))......<...#
#.........[.....##
##.............##
###..........## ####
###((.....## ##..#### ##.(...##
##......#####(.(###
##.........##.@..#
#............F.(##
##............o.##
#................##
#.................# #####
##................#
########....
#..........@.....###..........#
##..........o............######
####..................######


You could see Harold, Prince Ribbit, an orc warrior and an orc wizard.

Vanquished Creatures
  A hornet (D:7)
  A hippogriff (D:7)
  3 yaks (D:6)
  4 ice beasts
  3 sky beasts
  An ogre (D:8)
  An orc warrior (D:6)
  2 phantoms
  A centaur (D:7)
  A bullfrog (D:6)
  3 scorpions
  3 wights (D:6)
  A howler monkey (D:7)
  A centaur zombie (D:5)
  A bullfrog zombie (D:6)
  2 crimson imps
  2 hounds
  6 orc wizards
  A bullfrog skeleton (D:7)
  A jelly (D:7)
  An iguana (D:4)
  6 worker ants
  2 hound zombies
  3 gnolls (D:4)
  12 adders
  A shadow imp (D:8)
  An adder skeleton (D:4)
  2 worms
  A dart slug (D:2)
  3 leopard geckos
  24 orcs
  9 bats
  4 giant cockroaches
  10 goblins
  4 hobgoblins
  7 jackals
  9 kobolds
  2 quokkas
  A ball python (D:1)
  6 frilled lizards
  A leopard gecko skeleton (D:4)
  A leopard gecko zombie (D:7)
  A quokka zombie (D:5)
  8 rats
158 creatures vanquished.

Notes
Turn   | Place    | Note
-------+----------+-------------------------------------------
     0 | D:1      | funkygono the Draconian Conjurer began the quest for the
                  | Orb.
     0 | D:1      | Reached XP level 1. HP: 14/14 MP: 3/3
   332 | D:1      | Reached XP level 2. HP: 16/20 MP: 3/5
   336 | D:1      | Learned a level 2 spell: Searing Ray
  1178 | D:2      | Reached XP level 3. HP: 26/26 MP: 3/6
  1567 | D:2      | Reached skill level 5 in Conjurations
  2328 | D:3      | Reached XP level 4. HP: 29/33 MP: 1/7
  2349 | D:3      | Learned a level 3 spell: Dazzling Spray
  2770 | D:3      | Found a white marble altar of Elyvilon.
  2820 | D:3      | Reached XP level 5. HP: 38/38 MP: 6/10
  3294 | D:4      | Reached skill level 1 in Shields
  3633 | D:4      | Reached XP level 6. HP: 33/45 MP: 4/12
  3736 | D:5      | Entered Level 5 of the Dungeon
  3779 | D:5      | You fall through a shaft for 3 floors!
  3809 | D:8      | Reached skill level 1 in Hexes
  3837 | D:8      | Found Liclu's Distillery.
  3845 | D:8      | Bought a potion of curing for 42 gold pieces
  3845 | D:8      | Bought a potion of curing for 42 gold pieces
  3906 | D:8      | Noticed an ice beast
  3914 | D:8      | Killed an ice beast
  3914 | D:8      | Reached skill level 6 in Conjurations
  3914 | D:8      | Your scales start taking on a lurid green colour.
  3914 | D:8      | Reached XP level 7. HP: 50/50 MP: 8/13
  3914 | D:8      | Gained mutation: Your system is resistant to poisons.
                  | (rPois) [Green Draconian growth]
  4091 | D:7      | Reached skill level 5 in Spellcasting
  4702 | D:5      | Reached skill level 7 in Conjurations
  4702 | D:5      | Reached XP level 8. HP: 45/57 MP: 11/16
  5017 | D:5      | Got a twisted dagger
  5064 | D:5      | Found a sparkling altar of Nemelex Xobeh.
  5709 | D:6      | Reached skill level 8 in Conjurations
  5723 | D:6      | Found the +2 shield of Resistance {rF+ rC+ MR+}
  5923 | D:6      | Found a staircase to the Ecumenical Temple.
  5941 | Temple   | Entered the Ecumenical Temple
  6044 | Temple   | Became a worshipper of Vehumet
  6449 | D:6      | Reached XP level 9. HP: 55/63 MP: 2/18
  6671 | D:6      | Reached skill level 1 in Maces & Flails
  7602 | D:7      | Found Heet's Book Emporium.
  7638 | D:7      | Reached skill level 9 in Conjurations
  7799 | D:7      | Noticed Harold
  7818 | D:7      | Noticed Prince Ribbit
  7853 | D:7      | Slain by Prince Ribbit

Skill      XL: |  1  2  3  4  5  6  7  8  9 |
---------------+----------------------------+-----
Conjurations   | 5 6 7 8 9 |  9.2
Spellcasting   | 3 4 5 6 7 |  7.6
Stealth        | 2 |  2.6
Shields        | 1 2 3 4 |  4.8
Hexes          | 1 2 3 |  3.4
Dodging        | 2 |  2.4
Maces & Flails | 1 |  1.0
Fighting       | |  0.5

Action                   |  1- 3 |  4- 6 |  7- 9 || total
-------------------------+-------+-------+-------++-------
Melee: Club              |    19 |       |       ||    19
       Tailslap          |     2 |       |     8 ||    10
       Whip              |     2 |     1 |    41 ||    44
 Cast: Magic Dart        |    84 |    88 |   224 ||   396
       Searing Ray       |     3 |    15 |    28 ||    46
       Dazzling Spray    |       |       |    28 ||    28
 Abil: Breathe Noxious F |       |       |     1 ||     1
  Use: Scroll            |     9 |     6 |     3 ||    18
       Potion            |       |       |     2 ||     2
  Eat: Chunk             |     5 |     6 |    10 ||    21
       Ration            |       |       |     1 ||     1
Armor: Skin              |     6 |     5 |    41 ||    52
Dodge: Dodged            |    24 |    26 |    76 ||   126
Block: Shield            |       |       |    38 ||    38
